Map: Nephor I

Players

Krake - Winner!

  • Race: Terran Terran
  • Spawn Location: 1:00

mwrevo - Winner!

  • Race: Protoss Protoss
  • Spawn Location: 12:00

Soundwave - Winner!

  • Race: Zerg Zerg
  • League: Gold
  • Spawn Location: 1:00

SuperChetif

  • Race: Zerg Zerg
  • Spawn Location: 7:00

SuperMarquis

  • Race: Protoss Protoss
  • Spawn Location: 7:00

SuperGras

  • Race: Terran Terran
  • Spawn Location: 6:00

VOD

Have the link to the VOD?

Description

Time

  • Played on: Nov. 18, 2015, 6:08 a.m.
  • Length: 7:28
Show
View Real Time Build Order
Export as new Build Order

Krake Terran - Winner!

Build Orders:  

Get SALT Encoding   

  12  0:02  SCV  
  13  0:14  SCV  
  14  0:29  Supply Depot  
  14  0:31  SCV  
  15  0:35  Refinery  
  15  0:51  SCV  
  15  0:55  Barracks  
  16  1:03  SCV  
  17  1:08  Barracks  
  17  1:15  SCV  
  18  1:21  Supply Depot  
  18  1:27  SCV  
  19  1:37  Refinery  
  19  1:47  Marine  
  20  2:04  Barracks Tech Lab  
  20  2:07  Factory, Orbital Command  
  20  2:14  Engineering Bay  
  20  2:19  Marine  
  21  2:29  Combat Shields  
  21  2:36  SCV  
  22  2:50  Barracks Reactor  
  22  2:53  SCV  
  22  2:54  Terran Infantry Weapons Level 1  
  22  2:56  Supply Depot  
  23  3:03  Missile Turret  
  23  3:07  Factory Reactor  
  23  3:10  Marine  
  24  3:28  Marine  
  24  3:51  Widow Mine x2  
  24  3:53  Marine x2  
  28  3:59  Marine  
  22  4:10  Marine  
  22  4:11  Marine  
  22  4:16  Marine  
  25  4:20  Widow Mine x2  
  29  4:36  Marine x3  
  31  4:48  Widow Mine  
  33  4:54  Marine x3  
  37  5:00  SCV  
  37  5:11  Marine  
  37  5:12  SCV  
  39  5:27  Terran Infantry Armor Level 1  
  39  5:33  Starport  
  39  6:15  Marine  
  39  6:47  Marine  
  39  6:49  Command Center  
  39  6:53  Marine  
  39  6:54  Marine  
  37  7:04  Marine  
Show
View Real Time Build Order
Export as new Build Order

mwrevo Protoss - Winner!

Build Orders: 1 Gate Expand 

Get SALT Encoding   

  12  0:02  Probe (Chrono Boost)  
  13  0:18  Probe (Chrono Boost)  
  13  0:19  Pylon  
  14  0:28  Probe (Chrono Boost)  
  15  0:39  Probe (Chrono Boost)  
  16  0:43  Gateway  
  16  0:48  Pylon  
  16  0:50  Probe (Chrono Boost)  
  17  1:00  Assimilator  
  17  1:01  Probe (Chrono Boost)  
  18  1:11  Probe (Chrono Boost)  
  19  1:29  Nexus  
  19  1:40  Probe (Chrono Boost)  
  20  1:47  Cybernetics Core  
  20  1:48  Zealot (Chrono Boost)  
  22  1:58  Pylon  
  23  2:05  Assimilator  
  22  2:11  Probe (Chrono Boost)  
  22  2:15  Zealot (Chrono Boost)  
  25  2:23  Probe  
  25  2:27  Gateway  
  26  2:36  Probe  
  27  2:39  Probe  
  28  2:48  Probe  
  28  2:49  Warp Gate  
  28  2:50  Probe  
  29  2:55  Adept (Chrono Boost)  
  32  3:09  Gateway  
  32  3:13  Probe  
  32  3:15  Probe  
  32  3:18  Adept (Chrono Boost)  
  36  3:26  Adept (Chrono Boost)  
  40  3:27  Mothership Core  
  34  3:51  Adept (Chrono Boost)  
  34  3:54  Adept (Chrono Boost)  
  36  4:24  Pylon  
  20  5:04  Stalker  
  22  5:17  Stalker  
  24  5:24  Probe  
  24  5:26  Probe  
  24  5:27  Pylon  
  26  5:29  Pylon  
  26  5:35  Probe  
  26  5:38  Probe  
  28  5:45  Probe  
  29  5:50  Probe  
  29  5:54  Pylon  
  29  5:56  Probe  
  28  6:02  Probe  
  30  6:13  Stalker x2  
  30  6:14  Stalker  
  36  6:22  Pylon  
  36  6:41  Stalker  
  36  6:42  Stalker x2  
  36  6:45  Pylon  
  42  7:10  Stalker x3, Pylon  
Show
View Real Time Build Order
Export as new Build Order

Soundwave Zerg - Winner!

Build Orders: Hatch First 

Get SALT Encoding   

  12  0:01  Drone  
  13  0:10  Drone  
  14  0:20  Extractor  
  13  0:21  Drone, Extractor  
  13  0:24  Drone  
  16  0:48  Hatchery  
  15  1:00  Spawning Pool  
  15  1:03  Extractor  
  13  1:05  Extractor  
  13  1:06  Drone  
  14  1:11  Drone  
  14  1:17  Overlord  
  16  1:30  Extractor  
  15  1:37  Drone x2  
  17  1:46  Drone  
  18  1:49  Queen  
  20  1:56  Drone  
  20  1:59  Queen  
  23  2:01  Drone  
  23  2:02  Drone  
  25  2:11  Overlord  
  25  2:41  Metabolic Boost  
  25  2:47  Drone x6  
  31  3:03  Extractor  
  31  3:05  Drone x3  
  33  3:13  Roach Warren  
  33  3:14  Lair  
  32  3:24  Zergling x8  
  32  3:26  Overlord  
  36  3:27  Overlord  
  36  3:47  Zergling x6  
  36  3:48  Zergling x10  
  44  3:49  Zergling x2  
  41  4:01  Roach x2  
  44  4:19  Roach x2  
  44  4:20  Roach x3  
  46  4:35  Roach x3  
  46  4:37  Overlord x2  
  48  4:48  Roach x2  
  52  4:59  Glial Reconstitution  
  52  5:04  Roach x4  
  60  5:11  Roach x3  
  66  5:21  Evolution Chamber, Drone  
  66  5:22  Evolution Chamber, Drone  
  66  5:25  Drone  
  67  5:35  Overlord  
  67  5:36  Overlord  
  67  5:55  Roach  
  67  5:56  Roach x4  
  75  6:10  Roach x4  
  67  6:23  Roach  
  67  6:24  Roach  
  71  6:29  Roach  
  73  6:37  Zergling x2  
  73  6:38  Zergling x2  
  71  6:51  Roach x2  
  73  6:59  Roach x2  
Show
View Real Time Build Order
Export as new Build Order

SuperChetif Zerg 

Build Orders: Hatch First 

Get SALT Encoding   

  12  0:02  Drone  
  13  0:17  Drone  
  13  0:18  Overlord  
  14  0:37  Drone  
  15  0:43  Drone  
  16  0:50  Drone  
  17  1:01  Extractor  
  16  1:09  Hatchery  
  15  1:12  Spawning Pool  
  15  1:15  Drone  
  15  1:18  Drone  
  16  1:32  Drone  
  17  1:34  Drone  
  18  1:45  Drone  
  19  1:55  Overlord  
  19  1:58  Queen  
  21  2:01  Metabolic Boost  
  21  2:09  Drone  
  22  2:21  Drone  
  22  2:22  Queen  
  25  2:34  Drone x2  
  25  2:35  Overlord  
  27  2:43  Zergling x4  
  29  2:53  Zergling x2  
  29  2:54  Zergling x2  
  31  3:03  Zergling x2  
  32  3:14  Zergling x8  
  33  3:45  Zergling x16  
  33  3:46  Zergling x6  
  42  3:53  Zergling x2  
  43  3:59  Evolution Chamber  
  42  4:08  Zergling x4  
  42  4:20  Zergling x2  
  42  4:22  Overlord x4  
  43  4:27  Lair  
  30  4:53  Drone x3  
  30  4:54  Drone x3  
  33  5:06  Drone x2  
  33  5:07  Drone x4  
  39  5:17  Hatchery  
  38  5:24  Roach Warren  
  37  5:29  Drone  
  37  5:30  Drone  
  37  5:34  Extractor  
  38  5:39  Extractor  
  38  5:40  Queen  
  38  5:42  Extractor  
  38  5:47  Zergling x8  
  38  5:48  Zergling x6  
  45  5:58  Drone  
  39  6:23  Roach x4  
  39  6:24  Roach x4  
  55  6:27  Baneling Nest  
  53  7:04  Roach x10  
  53  7:05  Roach x2  
Show
View Real Time Build Order
Export as new Build Order

SuperMarquis Protoss 

Build Orders:  

Get SALT Encoding   

  12  0:14  Pylon  
  12  0:15  Probe (Chrono Boost)  
  13  0:26  Probe (Chrono Boost)  
  14  0:33  Gateway  
  14  0:42  Probe (Chrono Boost)  
  15  0:52  Probe (Chrono Boost)  
  15  0:55  Gateway  
  16  1:04  Pylon  
  16  1:09  Assimilator  
  16  1:20  Zealot  
  18  1:27  Cybernetics Core  
  18  1:32  Probe (Chrono Boost)  
  19  1:42  Probe (Chrono Boost), Zealot  
  22  1:53  Probe (Chrono Boost), Zealot  
  25  2:07  Warp Gate (Chrono Boost)  
  25  2:21  Gateway  
  25  2:25  Gateway  
  25  2:26  Pylon  
  25  2:33  Zealot  
  27  2:43  Stalker  
  29  3:01  Forge  
  29  3:04  Stalker  
  31  3:08  Stalker  
  33  3:19  Stalker  
  30  3:27  Stalker  
  35  3:32  Assimilator  
  37  3:36  Probe  
  38  3:48  Probe  
  39  4:01  Zealot  
  39  4:04  Pylon  
  39  4:16  Zealot  
  33  4:29  Stalker x2, Zealot  
  31  5:00  Stalker x3, Zealot  
  39  5:17  Probe  
  39  5:20  Robotics Facility  
  40  5:29  Probe (Chrono Boost)  
  41  5:41  Probe (Chrono Boost)  
  36  6:09  Zealot (Chrono Boost)  
  40  6:11  Stalker x2 (Chrono Boost), Zealot (Chrono Boost)  
  40  6:14  Immortal (Chrono Boost)  
  27  6:55  Zealot (Chrono Boost)  
  27  6:57  Zealot (Chrono Boost)  
  27  6:58  Zealot (Chrono Boost)  
Show
View Real Time Build Order
Export as new Build Order

SuperGras Terran 

Build Orders:  

Get SALT Encoding   

  12  0:13  SCV, Supply Depot  
  13  0:25  SCV  
  14  0:38  Barracks  
  14  0:39  SCV  
  15  0:51  SCV  
  15  0:55  Barracks  
  16  1:04  SCV  
  17  1:26  Marine  
  17  1:29  Supply Depot, Barracks  
  18  1:40  SCV  
  18  1:41  Refinery  
  18  1:44  Marine x2  
  21  1:52  Supply Depot  
  21  2:01  Marine  
  21  2:02  SCV, Marine  
  24  2:14  SCV  
  25  2:19  Marine  
  25  2:22  Supply Depot  
  26  2:26  SCV  
  27  2:36  Marine x2  
  29  2:37  Marine  
  30  2:47  Engineering Bay  
  30  2:54  Marine x2  
  32  3:08  Barracks Tech Lab  
  32  3:12  Marine x2  
  34  3:30  Marine x2  
  34  3:33  Supply Depot  
  36  3:48  Marine  
  26  4:26  Orbital Command  
  23  4:31  Marine x3  
  25  4:49  Marine x3  
  27  5:07  Marine x3  
  30  5:14  Supply Depot  
  30  5:21  Factory  
  30  5:25  Marine x3  
  33  5:42  Marine  
  33  5:43  Command Center, Marine x2  
  26  6:06  Marine x3  
  25  6:14  Missile Turret  
  24  6:23  Factory Tech Lab  
  26  6:29  Missile Turret  
  20  6:45  Missile Turret  
  20  6:46  Siege Tank  
Tags
 
Add a new tag
Caveats
  • Supply blocks, unpowered buildings, or Contaminate may cause inaccurate times.
  • Supply counts are checked every 10 seconds.